Map: Pillars of Gold LE

Players

PtitDrogo - Winner!

  • Race: Protoss Protoss
  • League: Grandmaster
  • Spawn Location: 1:00

Lambo

  • Race: Zerg Zerg
  • League: Master
  • Spawn Location: 7:00

Event: DreamHack SC2 Masters 2020 Fall

VOD

Have the link to the VOD?

Description

Time

  • Played on: Sept. 2, 2020, 2:31 p.m.
  • Length: 8:20

All games in this series

Show
View Real Time Build Order
Export as new Build Order

PtitDrogo Protoss - Winner!

Build Orders: 1 Gate Expand, Oracle Opening 

Get SALT Encoding   

  12  0:00  Probe  
  13  0:12  Probe  
  14  0:20  Pylon  
  14  0:24  Probe  
  15  0:38  Probe (Chrono Boost)  
  16  0:44  Gateway  
  16  0:47  Probe (Chrono Boost)  
  17  0:53  Assimilator, Probe  
  18  1:06  Probe  
  19  1:18  Probe  
  20  1:30  Nexus  
  20  1:41  Cybernetics Core  
  20  1:43  Probe  
  21  1:49  Assimilator  
  21  1:55  Probe  
  21  2:00  Pylon  
  22  2:07  Probe  
  23  2:15  Adept (Chrono Boost)  
  23  2:19  Warp Gate  
  23  2:20  Probe  
  26  2:31  Stargate  
  26  2:32  Probe (Chrono Boost)  
  27  2:37  Adept (Chrono Boost)  
  27  2:43  Probe (Chrono Boost)  
  31  2:50  Probe (Chrono Boost)  
  31  2:53  Probe (Chrono Boost)  
  32  2:59  Stalker, Probe  
  32  3:00  Probe  
  36  3:13  Oracle (Chrono Boost)  
  38  3:23  Pylon  
  38  3:25  Pylon  
  32  3:31  Probe  
  32  3:32  Probe  
  31  3:42  Gateway  
  31  3:44  Probe  
  31  3:45  Probe  
  33  3:52  Oracle (Chrono Boost)  
  36  4:06  Adept  
  36  4:08  Gateway  
  36  4:09  Probe  
  39  4:11  Probe  
  39  4:16  Pylon  
  40  4:20  Oracle (Chrono Boost)  
  43  4:28  Pylon  
  43  4:34  Probe x2  
  45  4:44  Adept  
  47  4:46  Shield Battery, Probe x2  
  47  4:47  Void Ray (Chrono Boost)  
  47  4:49  Pylon  
  49  4:59  Probe  
  54  5:00  Probe  
  54  5:03  Adept  
  54  5:05  Pylon  
  57  5:09  Adept  
  57  5:11  Probe  
  57  5:12  Probe  
  61  5:19  Pylon  
  61  5:23  Probe  
  62  5:37  Probe x2  
  64  5:49  Nexus, Probe  
Show
View Real Time Build Order
Export as new Build Order

Lambo Zerg 

Build Orders: Hatch First 

Get SALT Encoding   

  12  0:00  Drone  
  13  0:12  Overlord  
  13  0:18  Drone  
  14  0:32  Drone x2  
  16  0:44  Drone  
  17  0:52  Hatchery  
  17  0:56  Drone  
  17  1:00  Drone  
  17  1:04  Extractor  
  17  1:15  Spawning Pool  
  16  1:19  Drone  
  16  1:25  Drone  
  18  1:31  Drone  
  19  1:42  Overlord  
  19  2:02  Queen, Zergling x2  
  19  2:04  Queen  
  19  2:05  Zergling x2  
  25  2:10  Metabolic Boost  
  25  2:13  Zergling x2  
  26  2:16  Zergling x2  
  26  2:21  Zergling x2  
  28  2:34  Zergling x2  
  29  2:39  Zergling x2  
  30  2:50  Zergling x6  
  33  2:54  Zergling x2  
  33  3:02  Zergling x4  
  33  3:04  Hatchery  
  34  3:11  Zergling x2  
  34  3:12  Zergling x2  
  36  3:20  Zergling x2  
  36  3:22  Zergling x2  
  36  3:24  Overlord  
  35  3:29  Zergling x4  
  35  3:32  Zergling x2  
  36  3:37  Zergling x2  
  36  3:39  Zergling x2  
  36  3:44  Zergling x4  
  36  3:46  Zergling x2  
  37  3:50  Zergling x4  
  37  3:58  Zergling x4  
  37  4:00  Zergling x2  
  39  4:04  Drone  
  39  4:05  Drone  
  39  4:08  Drone  
  40  4:14  Drone  
  40  4:15  Drone  
  40  4:19  Drone  
  40  4:20  Drone  
  42  4:24  Drone  
  42  4:26  Drone  
  44  4:31  Drone x2  
  44  4:36  Drone x2  
  46  4:39  Drone  
  46  4:41  Drone  
  46  4:43  Drone  
  48  4:46  Drone  
  48  4:49  Drone  
  48  4:50  Drone  
  49  4:55  Overlord  
  49  5:01  Spore Crawler  
  49  5:02  Spore Crawler  
  49  5:03  Drone, Spore Crawler  
  49  5:05  Drone  
  49  5:06  Drone  
  49  5:13  Queen  
  51  5:15  Drone x2  
  51  5:17  Drone  
  51  5:18  Drone  
  55  5:22  Drone x2  
  54  5:29  Drone x4  
  54  5:30  Drone  
  54  5:32  Drone  
  54  5:34  Drone  
  54  5:35  Drone  
  57  5:39  Overlord  

Tags
 
Add a new tag
Caveats
  • Supply blocks, unpowered buildings, or Contaminate may cause inaccurate times.
  • Supply counts are checked every 10 seconds.